 Dungeon Crawl Stone Soup version 0.24.0-13-gcf9b3192b9 (webtiles) character file.

Game seed: 10145417275018488077, levelgen mode: deterministic

38 SedStubbie the Chopper (level 3, 0/28 HPs)
             Began as a Demonspawn Gladiator on Nov 6, 2019.
             Was an Initiate of Makhleb.
             Succumbed to an adder's poison
             ... on level 2 of the Dungeon.
             The game lasted 00:02:20 (1025 turns).

SedStubbie the Chopper (Demonspawn Gladiator)       Turns: 1025, Time: 00:02:21

Health: 0/28       AC:  6    Str: 15    XL:     3   Next: 25%
Magic:  3/3        EV: 13    Int:  9    God:    Makhleb [......]
Gold:   36         SH:  0    Dex: 14    Spells: 2/2 levels left

rFire    . . .     SeeInvis .   a - +0 war axe
rCold    + . .     Gourm    .   (no shield)
rNeg     . . .     Faith    .   i - +2 leather armour {rC+}
rPois    .         Spirit   .   c - +0 helmet
rElec    .         Reflect  .   (no cloak)
rCorr    .         Harm     .   (no gloves)
MR       .....                  (no boots)
Stlth    +.........             (no amulet)
HPRegen  0.09/turn              (no ring)
MPRegen  0.08/turn              (no ring)

@: lethally poisoned (0 -> -3), about to teleport, flying
A: claws 1
a: Renounce Religion


You were on level 2 of the Dungeon.
You worshipped Makhleb.
Makhleb was noncommittal.
You were not hungry.

You visited 1 branch of the dungeon, and saw 2 of its levels.

You collected 36 gold pieces.

Inventory:

Hand Weapons
 a - a +0 war axe (weapon)
Missiles
 d - 3 throwing nets (quivered)
Armour
 c - a +0 helmet (worn)
 i - a +2 leather armour of cold resistance (worn)
Comestibles
 f - 2 rations


   Skills:
 + Level 2.6 Fighting
 + Level 3.1 Axes
 - Level 2.0 Throwing
 + Level 2.9 Dodging
 + Level 1.0 Invocations


You had 2 spell levels left.
You didn't know any spells.
Your spell library was empty.

Dungeon Overview and Level Annotations

Branches:
Dungeon (2/15)

Altars:
Makhleb


Innate Abilities, Weirdness & Mutations

You have sharp fingernails.


Message History

The goblin shoots a stone.
The stone hits you.
* * * LOW HITPOINT WARNING * * *
The kobold throws a stone.
The stone barely misses you.
You see here 4 stones.
You feel sick.
The kobold throws a stone.
The stone hits you but does no damage.
You see here 2 stones.
It was a potion of flight.
You feel very buoyant.
You fly up into the air.
The goblin shoots a stone.
The stone hits you.
* * * LOW HITPOINT WARNING * * *
You aren't carrying any potions.
Okay, then.
As you read the scroll labeled TIOMUPTOSU, it crumbles to dust.
It is a scroll of identify.
h - a scroll of teleportation The goblin shoots a stone.
The stone closely misses you.
As you read the scroll of teleportation, it crumbles to dust.
You feel strangely unstable.
You die...

... #.# #.# #(# #(#
#.# #..# #.# #..#
#@# #..# #(# #..#
#(# #..# #g#####..#
###K....#..#
#..........######.
#...#####...........
##.. ###.######## #.
#.#


You could see a goblin and a kobold.

Vanquished Creatures
  An adder (D:2)
  A dart slug (D:1)
  2 leopard geckos (D:2)
  A giant cockroach (D:1)
  A goblin (D:1)
  4 hobgoblins
  4 bats
  A frilled lizard (D:1)
  A kobold (D:1)
  2 rats (D:1)
18 creatures vanquished.

Vanquished Creatures (others)
  An adder (D:2)
1 creature vanquished.

Grand Total: 19 creatures vanquished

Notes
Turn   | Place    | Note
-------+----------+-------------------------------------------
     0 | D:1      | SedStubbie the Demonspawn Gladiator began the quest for the
                  | Orb.
     0 | D:1      | Reached XP level 1. HP: 16/16 MP: 1/1
   263 | D:1      | Gained mutation: You have sharp fingernails. [demonic
                  | ancestry]
   263 | D:1      | Reached XP level 2. HP: 11/22 MP: 2/2
   266 | D:1      | Reached skill level 3 in Axes
   700 | D:2      | Found a burning altar of Makhleb.
   707 | D:2      | Became a worshipper of Makhleb the Destroyer
  1013 | D:2      | Reached XP level 3. HP: 28/28 MP: 3/3
  1016 | D:2      | Reached skill level 1 in Invocations
  1023 | D:2      | HP: 1/28 [goblin/stone (5)]
  1025 | D:2      | Succumbed to an adder's poison

Levels and vault maps discovered:
D:1:      psy_arrival_dodecagon, layout_rooms, kennysheep_nondescript,
          chequers_serial_rivers_large_a
D:2:      layout_loops_ring, marbit_many_paths, lemuel_round_altar

Skill      XL: |  1  2  3 |
---------------+----------+-----
Throwing       | 2 |  2.0
Axes           | 3 |  3.1
Invocations    | 1 |  1.0
Fighting       | |  2.6
Dodging        | |  2.9

Action                   || total
-------------------------++-------
Melee: War axe           ||    64
  Use: Scroll            ||     2
       Potion            ||     1
Armor: Leather armour    ||    24
Dodge: Dodged            ||    58
